[ AOE2 MATCH · #505897277 ]
UnrankedMongols vs Britons
Player's team · WIN
Rival team · LOSS
[ REPLAY ANALYSIS · EXTRACTED FROM THE RECORDED GAME ]
Feudal
9:46
Castle
22:57
Imperial
—
| APM avg | 56.6 |
| APM peak | 109 |
| eAPM avg | 23.8 |
| Villagers / military | 84 / 50 |
Focus
⚔️ 32.6% · 🌾 67.4%
Skirmisher ×32 · Cavalry Archer ×10 · Archer ×4 · Monk ×2 · Spearman ×2
Feudal
11:13
Castle
16:28
Imperial
—
| APM avg | 52.8 |
| APM peak | 145 |
| eAPM avg | 17.4 |
| Villagers / military | 61 / 49 |
Focus
⚔️ 38.1% · 🌾 61.9%
Archer ×38 · Knight ×3 · Militia ×3 · Mangonel ×3 · Skirmisher ×2
Match map
Initial resources + every placement click. Lines = walls · curves = elevation contours. ◆ gold · ⬟ stone · ● berries · ✦ relic · ◌ wall gap
Your base· Open — opponent sealed themselves in
ThisDino's base· Open — 3t gap
Smoothed initial terrain · ◌ = detected wall gap · hover for details
Inputs per minute
— [GDL] Nicky - - ThisDino
Build order — [GDL] Nicky
First 150 of 231 actions detected
| 0:00 | Queue | Villager (Male) ×4 |
| 0:01 | Queue | Villager (Male) ×4 |
| 0:02 | Build | House |
| 0:03 | Build | House |
| 1:42 | Queue | Villager (Male) |
| 1:42 | Queue | Villager (Male) |
| 1:43 | Queue | Villager (Male) |
| 1:50 | Build | Lumber Camp |
| 2:04 | Queue | Villager (Male) |
| 2:04 | Queue | Villager (Male) |
| 2:27 | Queue | Villager (Male) |
| 2:29 | Queue | Villager (Male) |
| 2:57 | Queue | Villager (Male) |
| 2:58 | Queue | Villager (Male) |
| 2:58 | Queue | Villager (Male) |
| 3:29 | Queue | Villager (Male) |
| 3:30 | Queue | Villager (Male) |
| 3:52 | Build | House |
| 3:53 | Build | House |
| 3:58 | Queue | Villager (Male) |
| 4:00 | Queue | Villager (Male) |
| 4:41 | Queue | Villager (Male) |
| 4:41 | Queue | Villager (Male) |
| 4:58 | Queue | Villager (Male) |
| 4:58 | Queue | Villager (Male) |
| 5:21 | Queue | Villager (Male) |
| 6:17 | Build | Mill |
| 6:33 | Queue | Villager (Male) |
| 6:34 | Research | Loom |
| 7:11 | Research | Loom |
| 7:25 | Build | Barracks |
| 7:34 | Research | Feudal Age |
| 7:34 | Research | Feudal Age |
| 8:24 | Build | House |
| 9:13 | Queue | Villager (Male) |
| 9:46 | Age | Feudal Age |
| 9:50 | Build | Archery Range |
| 9:56 | Research | Double-Bit Axe |
| 9:57 | Research | Horse Collar |
| 10:05 | Queue | Villager (Male) |
| 10:07 | Queue | Spearman |
| 10:21 | Queue | Archer |
| 10:30 | Build | Mining Camp |
| 10:36 | Queue | Villager (Male) |
| 10:37 | Queue | Villager (Male) |
| 10:45 | Build | Palisade Wall |
| 10:46 | Build | Palisade Wall |
| 10:48 | Build | Palisade Wall |
| 10:49 | Build | Palisade Wall |
| 10:49 | Build | Palisade Wall |
| 10:54 | Queue | Villager (Male) |
| 10:59 | Queue | Villager (Male) |
| 11:01 | Build | Farm |
| 11:10 | Queue | Skirmisher |
| 11:14 | Build | Farm |
| 11:23 | Queue | Villager (Male) |
| 11:34 | Build | Palisade Wall |
| 11:37 | Build | Palisade Wall |
| 11:37 | Build | Palisade Wall |
| 11:38 | Build | Palisade Wall |
| 11:39 | Build | Palisade Wall |
| 11:45 | Build | Farm |
| 12:05 | Queue | Skirmisher |
| 12:20 | Build | Blacksmith |
| 12:34 | Build | House |
| 12:36 | Research | Town Watch |
| 12:54 | Build | Farm |
| 12:55 | Queue | Villager (Male) |
| 12:56 | Queue | Archer |
| 13:05 | Queue | Skirmisher |
| 13:20 | Queue | Skirmisher |
| 13:27 | Research | Fletching |
| 13:29 | Queue | Villager (Male) |
| 13:30 | Queue | Villager (Male) |
| 13:30 | Queue | Villager (Male) |
| 13:41 | Build | Farm |
| 13:44 | Build | Farm |
| 13:47 | Build | House |
| 13:58 | Queue | Skirmisher |
| 13:58 | Queue | Skirmisher |
| 14:02 | Build | House |
| 14:52 | Queue | Villager (Male) |
| 14:52 | Queue | Villager (Male) |
| 14:53 | Queue | Archer |
| 15:17 | Build | Archery Range |
| 15:19 | Queue | Archer |
| 15:20 | Build | Lumber Camp |
| 15:26 | Build | Farm |
| 15:33 | Queue | Skirmisher |
| 15:33 | Queue | Villager (Male) |
| 15:34 | Queue | Villager (Male) |
| 15:50 | Queue | Skirmisher |
| 15:57 | Build | Farm |
| 15:58 | Queue | Villager (Male) |
| 16:02 | Build | Farm |
| 16:09 | Research | Padded Archer Armor |
| 16:13 | Queue | Skirmisher |
| 16:15 | Queue | Villager (Male) |
| 16:18 | Build | Watch Tower |
| 16:27 | Queue | Skirmisher |
| 16:29 | Queue | Villager (Male) |
| 16:40 | Queue | Villager (Male) |
| 16:55 | Build | Farm |
| 16:56 | Build | Farm |
| 16:58 | Queue | Villager (Male) |
| 17:00 | Build | Farm |
| 17:06 | Queue | Skirmisher |
| 17:16 | Build | House |
| 17:21 | Build | House |
| 17:33 | Queue | Skirmisher |
| 17:41 | Build | Farm |
| 17:49 | Queue | Skirmisher |
| 17:55 | Queue | Skirmisher |
| 17:56 | Build | House |
| 18:17 | Queue | Skirmisher |
| 18:18 | Queue | Skirmisher |
| 18:42 | Queue | Skirmisher |
| 18:43 | Queue | Skirmisher |
| 18:44 | Queue | Villager (Male) |
| 19:09 | Queue | Skirmisher |
| 19:09 | Queue | Skirmisher |
| 19:21 | Queue | Villager (Male) |
| 19:25 | Build | Market |
| 19:29 | Build | House |
| 19:38 | Build | Farm |
| 19:42 | Build | Lumber Camp |
| 19:52 | Queue | Villager (Male) |
| 20:00 | Build | Farm |
| 20:13 | Research | Castle Age |
| 20:13 | Research | Castle Age |
| 20:15 | Queue | Skirmisher |
| 20:15 | Queue | Skirmisher |
| 20:15 | Queue | Skirmisher |
| 20:39 | Queue | Skirmisher |
| 20:41 | Queue | Skirmisher |
| 20:41 | Queue | Skirmisher |
| 21:34 | Queue | Skirmisher |
| 21:34 | Queue | Skirmisher |
| 21:36 | Queue | Villager (Male) |
| 21:38 | Build | Farm |
| 21:39 | Build | Farm |
| 21:54 | Research | Gold Mining |
| 22:09 | Build | House |
| 22:29 | Build | Outpost |
| 22:38 | Queue | Skirmisher |
| 22:38 | Queue | Skirmisher |
| 22:44 | Research | Wheelbarrow |
| 22:54 | Queue | Spearman |
| 22:57 | Age | Castle Age |
| 23:00 | Build | Town Center |
Build order — ThisDino
First 150 of 184 actions detected
| 0:00 | Queue | Villager (Male) |
| 0:00 | Queue | Villager (Male) |
| 0:00 | Queue | Villager (Male) |
| 0:02 | Build | House |
| 0:04 | Build | House |
| 0:07 | Queue | Villager (Male) |
| 0:21 | Build | House |
| 1:08 | Queue | Villager (Male) |
| 1:41 | Queue | Villager (Male) |
| 1:56 | Build | Lumber Camp |
| 1:59 | Queue | Villager (Male) |
| 2:25 | Queue | Villager (Male) |
| 2:45 | Queue | Villager (Male) |
| 2:56 | Queue | Villager (Male) |
| 3:12 | Build | House |
| 3:36 | Queue | Villager (Male) |
| 3:51 | Build | Mill |
| 3:53 | Queue | Villager (Male) |
| 4:36 | Queue | Villager (Male) |
| 5:17 | Queue | Villager (Male) |
| 5:37 | Build | Barracks |
| 5:51 | Queue | Villager (Male) |
| 6:09 | Queue | Villager (Male) |
| 6:16 | Queue | Militia |
| 6:17 | Queue | Militia |
| 6:18 | Queue | Militia |
| 6:26 | Queue | Villager (Male) |
| 6:29 | Build | House |
| 6:54 | Queue | Villager (Male) |
| 7:29 | Queue | Villager (Male) |
| 7:49 | Build | Mining Camp |
| 8:11 | Queue | Villager (Male) |
| 8:38 | Research | Loom |
| 8:38 | Research | Feudal Age |
| 8:50 | Build | House |
| 8:58 | Queue | Villager (Male) |
| 9:23 | Queue | Villager (Male) |
| 10:05 | Queue | Villager (Male) |
| 11:13 | Age | Feudal Age |
| 11:15 | Research | Man-at-Arms (upgrade) |
| 11:18 | Queue | Villager (Male) |
| 11:22 | Build | Archery Range |
| 11:25 | Build | Market |
| 11:45 | Queue | Villager (Male) |
| 12:03 | Queue | Villager (Male) |
| 12:06 | Queue | Archer |
| 12:06 | Queue | Skirmisher |
| 12:06 | Queue | Skirmisher |
| 12:24 | Build | Farm |
| 12:26 | Build | Farm |
| 12:28 | Build | Farm |
| 12:31 | Build | Farm |
| 13:20 | Build | Farm |
| 13:23 | Build | House |
| 13:30 | Build | Farm |
| 13:48 | Research | Castle Age |
| 13:51 | Queue | Archer |
| 13:58 | Build | House |
| 14:05 | Build | Farm |
| 14:07 | Build | Farm |
| 14:11 | Queue | Archer |
| 14:39 | Queue | Archer |
| 14:58 | Build | Blacksmith |
| 15:24 | Queue | Archer |
| 15:38 | Research | Fletching |
| 15:42 | Build | House |
| 15:52 | Queue | Archer |
| 15:58 | Build | Lumber Camp |
| 16:28 | Age | Castle Age |
| 16:37 | Research | Bodkin Arrow |
| 16:49 | Build | Mill |
| 16:51 | Queue | Villager (Male) |
| 17:13 | Queue | Villager (Male) |
| 17:20 | Build | Farm |
| 17:36 | Queue | Archer |
| 17:39 | Queue | Villager (Male) |
| 17:45 | Build | House |
| 17:54 | Research | Crossbowman (upgrade) |
| 18:14 | Queue | Villager (Male) |
| 18:33 | Queue | Archer |
| 18:34 | Queue | Archer |
| 19:22 | Queue | Villager (Male) |
| 19:23 | Queue | Archer |
| 19:25 | Queue | Archer |
| 19:26 | Queue | Villager (Male) |
| 19:27 | Build | Archery Range |
| 19:30 | Queue | Archer |
| 19:30 | Queue | Archer |
| 19:32 | Research | Padded Archer Armor |
| 19:39 | Queue | Villager (Male) |
| 19:55 | Build | House |
| 20:05 | Queue | Archer |
| 20:08 | Queue | Archer |
| 20:08 | Queue | Archer |
| 20:22 | Queue | Villager (Male) |
| 20:32 | Build | Stable |
| 20:33 | Queue | Villager (Male) |
| 20:44 | Queue | Archer |
| 20:45 | Queue | Villager (Male) |
| 20:49 | Build | Farm |
| 20:51 | Queue | Villager (Male) |
| 20:55 | Build | Farm |
| 20:58 | Queue | Villager (Male) |
| 21:34 | Queue | Knight |
| 21:35 | Queue | Archer |
| 21:35 | Queue | Archer |
| 21:40 | Queue | Archer |
| 21:40 | Queue | Archer |
| 21:40 | Queue | Archer |
| 21:44 | Queue | Villager (Male) |
| 21:47 | Build | Farm |
| 21:47 | Build | Farm |
| 21:48 | Build | Farm |
| 21:52 | Build | Farm |
| 21:59 | Research | Double-Bit Axe |
| 22:16 | Build | Farm |
| 22:17 | Queue | Villager (Male) |
| 22:19 | Queue | Archer |
| 22:30 | Queue | Archer |
| 22:30 | Queue | Archer |
| 22:46 | Build | Farm |
| 22:46 | Build | Farm |
| 22:47 | Queue | Villager (Male) |
| 23:02 | Queue | Knight |
| 23:02 | Queue | Knight |
| 23:39 | Queue | Archer |
| 23:56 | Queue | Villager (Male) |
| 23:59 | Build | Farm |
| 24:00 | Build | Farm |
| 24:02 | Build | Farm |
| 24:04 | Build | House |
| 24:05 | Queue | Villager (Male) |
| 24:08 | Build | Lumber Camp |
| 24:09 | Build | Lumber Camp |
| 24:10 | Queue | Villager (Male) |
| 24:21 | Queue | Villager (Male) |
| 24:26 | Build | House |
| 24:26 | Build | House |
| 24:28 | Queue | Archer |
| 25:22 | Build | Siege Workshop |
| 25:24 | Queue | Archer |
| 25:33 | Build | Farm |
| 25:34 | Queue | Villager (Male) |
| 25:38 | Queue | Villager (Male) |
| 25:39 | Queue | Archer |
| 25:39 | Queue | Archer |
| 25:50 | Build | Mining Camp |
| 25:51 | Queue | Archer |
| 26:05 | Queue | Mangonel |
| 26:13 | Queue | Archer |
Match timeline
| 5:37 | ThisDino · first_building Barracks |
| 7:25 | [GDL] Nicky · first_building Barracks |
| 9:46 | [GDL] Nicky · age_up feudal |
| 9:50 | [GDL] Nicky · first_building Archery Range |
| 10:45 | [GDL] Nicky · wall_segment Palisade Wall x1 |
| 10:46 | [GDL] Nicky · wall_segment Palisade Wall x1 |
| 10:48 | [GDL] Nicky · wall_segment Palisade Wall x1 |
| 10:49 | [GDL] Nicky · wall_segment Palisade Wall x1 |
| 10:49 | [GDL] Nicky · wall_segment Palisade Wall x1 |
| 11:13 | ThisDino · age_up feudal |
| 11:22 | ThisDino · first_building Archery Range |
| 11:34 | [GDL] Nicky · wall_segment Palisade Wall x1 |
| 11:37 | [GDL] Nicky · wall_segment Palisade Wall x1 |
| 11:37 | [GDL] Nicky · wall_segment Palisade Wall x1 |
| 11:38 | [GDL] Nicky · wall_segment Palisade Wall x1 |
| 11:39 | [GDL] Nicky · wall_segment Palisade Wall x1 |
| 12:53 | ThisDino · first_market_sell 100 stone |
| 12:53 | ThisDino · first_market_buy 100 food |
| 16:28 | ThisDino · age_up castle |
| 20:04 | [GDL] Nicky · first_market_buy 100 food |
| 20:32 | ThisDino · first_building Stable |
| 22:57 | [GDL] Nicky · age_up castle |
| 24:12 | [GDL] Nicky · first_building Monastery |
| 25:22 | ThisDino · first_building Siege Workshop |
| 25:43 | [GDL] Nicky · first_market_sell 100 food |
| 27:56 | [GDL] Nicky · first_building Siege Workshop |
| 30:09 | ThisDino · resign |
[ AI ANALYSIS · 1 CREDIT ]
What really happened in this match?
Wolo.gg analyzes every decision: build order, eco, micro, common mistakes by bracket. Personalized analysis on WhatsApp or Discord in 30 seconds.
Civ guide
Mongols
Perfil
Jugador #21164226